 Dungeon Crawl Stone Soup version 0.17-a0-1421-g95311d7 (webtiles) character file.

126 patman the Cudgeler (level 5, -1/26 HPs)
             Began as a Vine Stalker Gladiator on June 24, 2015.
             Was an Initiate of Ru.
             Slain by an ogre
             ... wielding a +0 giant club
              (18 damage)
             ... on level 5 of the Dungeon.
             The game lasted 00:02:43 (625 turns).

patman the Cudgeler (Vine Stalker Gladiator)         Turns: 625, Time: 00:02:43

Health: -1/26      AC:  6    Str: 18    XL:     5   Next: 10%
Magic:  0/6        EV: 11    Int:  8    God:    Ru [......]
Gold:   46         SH:  0    Dex: 15    Spells: 0 memorised, 4 levels left

rFire  . . .     SeeInvis .     a - +0 flail
rCold  . . .     Clarity  .     p - +0 ring mail (curse)
rNeg   . . .     SustAt   .     (no shield)
rPois  .         Gourm    .     c - +0 helmet
rElec  .         Spirit   +     (no cloak)
rCorr  .         Warding  .     (no gloves)
rMut   .         Stasis   .     (no boots)
MR     .....                    (no amulet)
Stlth  +.........               (no ring)
                                (no ring)

@: not resistant to hostile enchantments, very unstealthy
A: fangs 2, regeneration 1, magic shield, antimagic bite, no device heal 3, rot
immunity
a: Renounce Religion


You were on level 5 of the Dungeon.
You worshipped Ru.
Ru was noncommittal.
You were not hungry.

You visited 2 branches of the dungeon, and saw 6 of its levels.

You collected 46 gold pieces.

Inventory:

Hand weapons
 a - a +0 flail (weapon)
Missiles
 d - 3 throwing nets (quivered)
Armour
 c - a +0 helmet (worn)
 p - a cursed +0 ring mail (worn)
Scrolls
 f - a scroll of magic mapping {unknown}
 h - a scroll of fear {unknown}
 j - a scroll of remove curse {unknown}
 l - a scroll of noise {unknown}
 m - a scroll of enchant weapon {unknown}
Potions
 g - 3 potions of curing {unknown}
 i - a potion of flight {unknown}
 k - 3 potions of heal wounds {unknown}
 o - 2 potions of magic {unknown}
Comestibles
 e - a bread ration


   Skills:
 - Level 1.7 Fighting
 + Level 5.1 Maces & Flails
 - Level 1.7 Throwing
 - Level 2.4 Dodging


You had 4 spell levels left.
You didn't know any spells.

Dungeon Overview and Level Annotations

Branches:
Dungeon (5/15)             Temple (1/1) D:4

Altars:
Ashenzari
Cheibriados
Makhleb
Okawaru
Qazlal
Ru
Trog


Innate Abilities, Weirdness & Mutations

You have extremely sharp teeth.
Your natural rate of healing is unusually fast.
When hurt, damage is shared between your health and your magic reserves.
Your bite disrupts and absorbs the magic of your enemies.
Potions and wands cannot restore your health.
You are immune to rotting.


Message History

You hit the iguana but do no damage. You bite the iguana, but do no damage.
The iguana barely misses you.
You sock the iguana! You bite the iguana. You drain its power.
You kill the iguana!
Your Maces & Flails skill increases to level 5!
You have reached level 5!
HP restored.
An ogre comes into view. It is wielding a giant club.
The ogre shouts!
Quiver which item? (- for none, * to show all) (? for menu, Esc to quit)
Okay, then.
Unknown command.
You hit the ogre.
The ogre is lightly wounded.
The ogre hits you with a giant club!
Ouch! That really hurt!
All of the chunks of flesh in your inventory have rotted away.
The ogre hits you with a giant club!!
Ouch! That really hurt!
You die...

######### ..#
........# #..#
#######.# #..# ####
#######.###..# #..#
.........##..#
####..#
#####.<..##..#
#.....## #....##..#
#......#
##..)...(#.#.O#..##
#....#..#.#@.#..#
#<...#.##.......#
#....#.####.##..#
#....#.#....##..#
#....#.#.#####.##
#.........#....#
....)...#..#.####
..##########.#
#....#


You could see an ogre.

Vanquished Creatures
  A jelly (D:5)
  An orc priest (D:4)
  An iguana (D:5)
  An adder (D:2)
  A worm (D:2)
  2 giant geckos
  4 orcs (D:4)
  A giant cockroach (D:3)
  2 hobgoblins
  2 kobolds (D:3)
  3 bats (D:2)
  2 giant newts
  3 rats
24 creatures vanquished.

Notes
Turn   | Place    | Note
--------------------------------------------------------------
     0 | D:1      | patman the Vine Stalker Gladiator began the quest for the Orb.
     0 | D:1      | Reached XP level 1. HP: 11/11 MP: 2/2
    92 | D:2      | Reached skill level 3 in Maces & Flails
   125 | D:3      | Reached XP level 2. HP: 5/15 MP: 1/3
   292 | D:2      | Reached XP level 3. HP: 14/18 MP: 2/4
   374 | D:4      | Found a staircase to the Ecumenical Temple.
   390 | D:4      | Reached skill level 4 in Maces & Flails
   390 | D:4      | Reached XP level 4. HP: 23/23 MP: 5/5
   415 | Temple   | Entered the Ecumenical Temple
   497 | Temple   | Became a worshipper of Ru the Awakened
   558 | D:5      | Entered Level 5 of the Dungeon
   578 | D:5      | Reached skill level 5 in Maces & Flails
   578 | D:5      | Reached XP level 5. HP: 21/26 MP: 6/6
   604 | D:5      | Noticed an ogre
   625 | D:5      | Slain by an ogre

Vault maps used:
D:1:      sevenhm_arrival_forest_fort_small_6
D:2:      nicolae_dithmenos_through_a_glass_darkly, uniq_robin, uniq_natasha,
          uniq_crazy_yiuf_cottage
D:3:      ecumenical_altar_1, hangedman_feature_mirror
D:4:      minmay_temple_entry_purple_smoke, portal_sewer_entry_e, first_bread,
          solitary_fountain, uniq_blork_the_orc, uniq_grinder
D:5:      grunt_gozag_statues, uniq_duvessa, uniq_pikel
Temple:   nicolae_temple_great_sept

Action                   |  1- 3 |  4- 6 || total
-------------------------+-------+-------++-------
Melee: Flail             |    51 |    16 ||    67
 Stab: Sleeping          |     1 |       ||     1
